 Dungeon Crawl Stone Soup version 0.31.0-11-ge490571c62 (webtiles) character file.

Game seed: 17060788283973657315

166 CougarLife the Chopper (level 5, -1/72 HPs)
             Began as a Minotaur Berserker on Jan 29, 2024.
             Was a Follower of Trog.
             Slain by a gnoll
             ... wielding a +0 spear
              (4 damage)
             ... on level 2 of the Dungeon.
             The game lasted 00:00:51 (1082 turns).

CougarLife the Chopper (Minotaur Berserker)         Turns: 1082, Time: 00:00:52

Health: -1/72      AC:  2    Str: 24    XL:     5   Next: 22%
Magic:  4/4        EV: 12    Int:  4    God:    Trog [*.....]
Gold:   71         SH:  0    Dex:  9    Spells: 4/4 levels left

rFire   . . .        a - +0 hand axe
rCold   . . .        (no shield)
rNeg    . . .        b - +0 animal skin
rPois   .            (helmet restricted)
rElec   .            (no cloak)
rCorr   .            (no gloves)
SInv    .            (no boots)
Will    .....        (no amulet) Stlth
                     (no ring)
HPRegen 0.32/turn    (no ring)
MPRegen 0.09/turn

%: no passive effects
@: berserking, very quick
A: horns 2, retaliatory headbutt
a: Renounce Religion, Berserk


You were on level 2 of the Dungeon.
You worshipped Trog.
Trog was aware of your devotion.
You visited 1 branch of the dungeon, and saw 2 of its levels.

You collected 71 gold pieces.

Inventory:

Hand Weapons
 a - a +0 hand axe (weapon)
Missiles
 k - 3 poisoned darts (quivered)
Armour
 b - a +0 animal skin (worn)
 c - a +0 tower shield
Scrolls
 e - 2 scrolls of identify {unknown}
 g - 2 scrolls of amnesia {unknown}
 i - a scroll of silence {unknown}
 j - a scroll of teleportation {unknown}
Potions
 d - a potion of heal wounds {unknown}
 f - a potion of resistance {unknown}
 h - a potion of lignification {unknown}


   Skills:
 + Level 5.1 Fighting
 * Level 6.2 Axes
 - Level 2.4 Armour
 - Level 2.1 Dodging


You had 4 spell levels left.
You didn't know any spells.
Your spell library was empty.

Dungeon Overview and Level Annotations

Branches:
Dungeon (2/15)

Altars:


Innate Abilities, Weirdness & Mutations

You have a pair of horns on your head.
You reflexively headbutt those who attack you in melee.


Message History

You headbutt the gnoll, but do no damage.
The gnoll is almost dead.
You hit the gnoll. The gnoll hits you with a +0 club.
The gnoll hits you with a +0 flail!
You hit the gnoll but do no damage.
The gnoll is almost dead.
You hit the gnoll but do no damage.
The gnoll hits you from afar with a +0 spear.
The gnoll closely misses you. The gnoll hits you with a +0 club.
You slash the gnoll!
You kill the gnoll!
Trog accepts your kill.
You hit the gnoll. The gnoll closely misses you.
The gnoll hits you with a +0 flail.
You are too injured to fight recklessly!
You are too injured to fight recklessly!
You are too injured to fight recklessly!
The gnoll hits you with a +0 spear!
* * * LOW HITPOINT WARNING * * *
The gnoll barely misses you.
You see here a +0 club.
You slash the gnoll! Your headbutt misses the gnoll.
The gnoll is severely wounded.
You barely miss the gnoll. The gnoll misses you.
The gnoll hits you with a +0 flail.
* * * LOW HITPOINT WARNING * * *
You closely miss the gnoll.
The gnoll is severely wounded.
You barely miss the gnoll. You hit the kobold.
You kill the kobold!
Trog accepts your kill. The gnoll hits you with a +0 spear!
* * * LOW HITPOINT WARNING * * *
The gnoll closely misses you. You furiously retaliate!
You headbutt the gnoll!
You kill the gnoll!
Trog accepts your kill.
A red film seems to cover your vision as you go berserk!
You feel yourself moving faster!
You feel mighty! The gnoll hits you with a +0 spear.
You die...

##.## #...#.###....
#...# #......#...##
#...###.....#).#.##
#..................
#................##
#............#...#
#...###......#...#
######...#...#........#
......)@.....#....##.###
......)g...#####†.##...<
.............#...[######
####.........#.##.#
#.#...#.#... #..
#.......#### ##.#
#.......# .# .......
####.#### #.......##


You could see a gnoll.

Vanquished Creatures
  A phantom (D:2)
  Terence (D:2)
  Natasha (D:2)
  2 gnolls (D:2)
  A dart slug (D:1)
  An endoplasm (D:1)
  A giant cockroach (D:2)
  3 goblins
  2 hobgoblins (D:1)
  2 kobolds (D:2)
  2 quokkas (D:1)
  A ball python (D:1)
  10 frilled lizards
  A rat (D:1)
29 creatures vanquished.

Notes
Turn   | Place    | Note
-------+----------+-------------------------------------------
     0 | D:1      | CougarLife the Minotaur Berserker began the quest for the
                  | Orb.
     0 | D:1      | Reached XP level 1. HP: 19/19 MP: 0/0
    47 | D:1      | Reached skill level 4 in Axes
    98 | D:1      | Reached XP level 2. HP: 26/27 MP: 1/1
   673 | D:2      | Noticed Natasha
   678 | D:2      | HP: 1/27 [cerulean imp/+2 spear[Natasha] (6)]
   680 | D:2      | Killed Natasha
   681 | D:2      | Reached skill level 5 in Axes
   681 | D:2      | Reached XP level 3. HP: 1/34 MP: 2/2
   899 | D:2      | Noticed a phantom
   908 | D:2      | Killed a phantom
   909 | D:2      | Reached XP level 4. HP: 33/41 MP: 3/3
   966 | D:2      | Noticed Terence
   975 | D:2      | Killed Terence
   976 | D:2      | Reached skill level 5 in Fighting
   976 | D:2      | Reached skill level 6 in Axes
   976 | D:2      | Reached XP level 5. HP: 35/48 MP: 4/4
  1081 | D:2      | HP: 2/48 [gnoll/+0 spear (9)]
  1082 | D:2      | Slain by a gnoll

Illustrated notes

Levels and vault maps discovered:
D:1:      matt_arrival_refuge, layout_rooms, minmay_lizard_pond
D:2:      layout_loops_cross, uniq_terence, uniq_natasha

Skill      XL: |  1  2  3  4 |
---------------+-------------+-----
Axes           | 4 5 6 |  6.2
Fighting       | 4 5 |  5.1
Armour         | |  2.4
Dodging        | |  2.1

Action                     |  1- 3 |  4- 6 || total
---------------------------+-------+-------++-------
  Melee: Hand axe          |    48 |    17 ||    65
         Headbutt          |     5 |     3 ||     8
 Invoke: Berserk           |       |     1 ||     1
 Armour: Animal skin       |    28 |    15 ||    43
  Dodge: Dodged            |    31 |    12 ||    43
